 Dungeon Crawl Stone Soup version 0.17.0-55-g1383181 (console) character file.

126 Kloppie the Magician (level 4, -2/27 HPs)
             Began as a High Elf Ice Elementalist on Dec 4, 2015.
             Slain by a worm (12 damage)
             ... on level 2 of the Dungeon.
             The game lasted 00:05:27 (2946 turns).

Kloppie the Magician (High Elf Ice Elementalist)    Turns: 2946, Time: 00:05:27

Health: -2/27      AC:  3    Str:  7    XL:     4   Next: 84%
Magic:  4/11       EV: 12    Int: 20    God:
Gold:   86         SH:  0    Dex: 15    Spells: 3 memorised, 3 levels left

rFire  . . .     SeeInvis .     o - +0 whip
rCold  . . .     Clarity  .     a - +0 robe
rNeg   . . .     SustAt   .     (no shield)
rPois  .         Gourm    .     (no helmet)
rElec  .         Spirit   .     (no cloak)
rCorr  .         Warding  .     h - +0 pair of gloves
rMut   .         Stasis   .     (no boots)
MR     .....                    (no amulet)
Stlth  +++.......               (no ring)
                                j - ring of stealth

@: not resistant to hostile enchantments, fairly stealthy
A: no striking features
a: no special abilities


You were on level 2 of the Dungeon.
You were not hungry.

You visited 1 branch of the dungeon, and saw 3 of its levels.

You collected 86 gold pieces.

Inventory:

Hand Weapons
 o - a +0 whip (weapon)
Armour
 a - a +0 robe (worn)
 h - a +0 pair of gloves (worn)
Jewellery
 j - a ring of stealth (left hand)
Scrolls
 e - 2 scrolls of identify {unknown}
 k - 4 scrolls of random uselessness {unknown}
 l - a scroll of blinking {unknown}
Potions
 d - 3 potions of curing {unknown}
 f - a potion of heal wounds {unknown}
 i - a potion of agility {unknown}
 p - a potion of brilliance {unknown}
Books
 b - a book of Frost

   Spells                             Type                      Level
   a - Freeze                         Ice                          1
   b - Throw Frost                    Conjuration/Ice              2
   c - Ozocubu's Armour               Charms/Ice                   3
   d - Throw Icicle                   Conjuration/Ice              4
   e - Summon Ice Beast               Ice/Summoning                4
   f - Condensation Shield            Ice                          4
Comestibles
 c - a bread ration
 g - a meat ration
 m - 12 fruits


   Skills:
 - Level 2.1 Dodging
 - Level 2.1 Stealth
 + Level 4.4 Spellcasting
   Level 1.1 Conjurations
 + Level 4.4 Ice Magic


You had 3 spell levels left.
You knew the following spells:

 Your Spells              Type           Power        Failure   Level  Hunger
a - Freeze                Ice            ###.         1%          1    None
b - Ozocubu's Armour      Chrm/Ice       ##......     17%         3    ###....
c - Summon Ice Beast      Ice/Summ       ##......     58%         4    ####...


Dungeon Overview and Level Annotations

Branches:
Dungeon (3/15)

Altars:
Elyvilon
Kikubaaqudgha
Makhleb
Okawaru


Message History

Aim: a worm (severely wounded)
You freeze the worm.
The worm is almost dead.
The worm closely misses you.
Casting: Freeze
Confirm with . or Enter, or press ? or * to list all spells.
Aiming: Freeze
Press: ? - help, Shift-Dir - straight line, f/p - worm
Aim: a worm (almost dead)
You freeze the worm.
The worm is almost dead.
Casting: Freeze
Confirm with . or Enter, or press ? or * to list all spells.
Aiming: Freeze
Press: ? - help, Shift-Dir - straight line, f/p - worm
Aim: a worm (almost dead)
You freeze the worm.
The worm is almost dead.
The worm bites you!
You die...

#######...............####
#.................##.....######
###.#######.....###.##...........
.##.# ##....................#
.##.# ####.#####........####.#
.##.# #..........##.....# #.#
.##.# #.......#####.#.### #.#
.##.######......w#####.#.######..
................@......#.........
.###...........)...>#######.#####
.###.####..............#....# #
..................#.##.#.#### #
.###.####.###.##..#.##.#.## # ##
#[# #.# #.##..#.##....# # ####.##
#.###.#........##.# #
......###..............##.# #
##.....##..#######.....##.# #


You could see a worm.

Vanquished Creatures
  4 gnolls (D:2)
  4 adders
  A giant gecko (D:2)
  4 giant cockroaches (D:1)
  7 hobgoblins
  5 bats
  4 giant newts
  8 goblins
  5 jackals (D:1)
  6 kobolds
  9 rats
57 creatures vanquished.

Notes
Turn   | Place    | Note
--------------------------------------------------------------
     0 | D:1      | Kloppie the High Elf Ice Elementalist began the quest for the Orb.
     0 | D:1      | Reached XP level 1. HP: 11/11 MP: 4/4
   300 | D:1      | Reached XP level 2. HP: 15/17 MP: 2/6
   966 | D:1      | Reached XP level 3. HP: 18/21 MP: 8/8
   971 | D:1      | Learned a level 3 spell: Ozocubu's Armour
  1451 | D:2      | Found an iron altar of Okawaru.
  1565 | D:2      | Reached skill level 4 in Spellcasting
  1565 | D:2      | Reached XP level 4. HP: 12/27 MP: 1/11
  2073 | D:2      | Found a burning altar of Makhleb.
  2239 | D:2      | Learned a level 4 spell: Summon Ice Beast
  2640 | D:3      | Found a white marble altar of Elyvilon.
  2660 | D:3      | Found an ancient bone altar of Kikubaaqudgha.
  2667 | D:3      | Noticed an orc warrior
  2946 | D:2      | Slain by a worm

Action                   |  1- 3 |  4- 6 || total
-------------------------+-------+-------++-------
Melee: Unarmed           |    21 |       ||    21
       Club              |    36 |       ||    36
       Whip              |       |    29 ||    29
 Cast: Freeze            |    47 |    29 ||    76
 Stab: Sleeping          |     6 |     5 ||    11
  Eat: Chunk             |     2 |     4 ||     6
